Capitals vs Kings

Created - 14 décembre 2019 at 09:38

Goals
1 2 3 T
Capitals 1 1 2 4
Kings 0 2 1 3
Shots
1 2 3 T
Capitals 10 14 16 40
Kings 4 19 11 34

1st period

1. Capitals , Brock Nelson 7 (Tomas Tatar 11, Derek Grant 1) at 5:27 (PP)

Penalties :
Danny DeKeyser (LAK) for Hooking (Minor) at 4:56, Darren Helm (WAS) for Elbowing (Minor) at 6:50

2nd period

2. Kings , Alex Ovechkin 20 (Artemi Panarin 22, Tomas Hertl 20) at 8:15 (PP)
3. Capitals , Josh Bailey 8 (Jake Guentzel 14) at 10:14
4. Kings , Alex Ovechkin 21 (Artemi Panarin 23) at 14:31

Penalties :
Curtis McKenzie (WAS) for Tripping (Minor) at 8:09, Curtis McKenzie (WAS) for Holding (Minor) at 17:11, Danny DeKeyser (LAK) for Cross-checking (Minor) at 19:57

3rd period

5. Capitals , Brock Nelson 8 (Valtteri Filppula 5) at 1:55 (PP)
6. Kings , Tyler Johnson 8 (Artem Anisimov 10) at 8:33 (PP)
7. Capitals , Tomas Tatar 13 (Brock Nelson 17, Derek Grant 2) at 10:46 (PP)

Penalties :
Brady Skjei (WAS) for Holding (Minor) at 7:57, Shea Weber (LAK) for Tripping (Minor) at 9:19, Derek Grant (WAS) for Holding Stick (Minor) at 15:46

Goalie Stats

Samuel Montembeault (WAS), 31 saves from 34 shots - (0,912), W, 3-3-0, 60:00 minutes
Devan Dubnyk (LAK), 36 saves from 40 shots - (0,900), L, 15-5-3, 59:01 minutes

Players Stats for Capitals

Player Name              G  A  P  +/- PIM S  H  SB GA TA FO     MP     PP MP  PK MP  
------------------------------------------------------------------------------------
Anton Stralman           0  0  0   0  0   0  0  1  0  1  0/0    10:51   0:00   0:00 
Ben Chiarot              0  0  0   0  0   0  1  0  0  1  0/0    11:01   0:00   0:10 
Brady Skjei              0  0  0   0  2   1  0  1  0  1  0/0    19:43   1:25   2:23 
Brock Nelson             2  1  3   0  0   6  1  0  0  0  3/6    24:05   2:22   3:44 
Curtis McKenzie          0  0  0   1  4   1  1  1  0  0  0/0    15:01   0:04   0:00 
Damon Severson           0  0  0   0  0   1  4  2  2  0  0/0    29:15   2:31   4:06 
Darren Helm              0  0  0  -1  2   2  2  0  0  0  0/0    10:02   0:00   0:21 
Derek Grant              0  2  2   0  2   1  2  0  0  0  12/33  21:35   2:18   1:12 
Ian Cole                 0  0  0   0  0   2  3  2  0  1  0/0    19:54   1:25   2:33 
Jake Guentzel            0  1  1   1  0   6  2  1  1  0  3/9    18:02   1:34   1:42 
Joakim Nordstrom         0  0  0   0  0   0  1  0  0  0  0/0     6:43   0:00   0:00 
Joel Eriksson Ek         0  0  0   0  0   4  0  0  0  0  1/1     8:20   0:04   1:13 
Josh Bailey              1  0  1   1  0   4  0  0  0  1  0/0    16:13   1:34   0:00 
Oliver Ekman-Larsson     0  0  0   0  0   6  1  2  0  1  0/0    29:15   2:31   4:06 
Riley Sheahan            0  0  0   0  0   1  1  0  0  1  2/3     6:43   0:00   0:00 
Tomas Tatar              1  1  2   0  0   2  4  3  2  0  1/5    24:01   2:18   3:44 
Tyler Pitlick            0  0  0  -1  0   1  1  0  1  0  1/2     9:37   0:00   0:00 
Valtteri Filppula        0  1  1  -1  0   2  0  0  1  1  3/6    12:55   1:34   1:22 

Players Stats for Kings

Player Name              G  A  P  +/- PIM S  H  SB GA TA FO     MP     PP MP  PK MP  
------------------------------------------------------------------------------------
Alex Ovechkin            2  0  2   0  0   6  1  1  0  0  0/1    21:42   3:45   0:32 
Artem Anisimov           0  1  1   0  0   2  1  0  0  0  13/19  16:25   2:54   0:00 
Artemi Panarin           0  2  2   0  0   2  0  0  1  1  0/1    21:10   3:45   0:00 
Artturi Lehkonen         0  0  0   0  0   2  1  1  2  0  0/1    13:03   0:00   0:57 
Brian Dumoulin           0  0  0   0  0   1  1  1  0  2  0/0    23:34   4:31   0:00 
Carter Rowney            0  0  0   0  0   4  0  0  0  0  0/1     7:20   0:00   0:57 
Danny DeKeyser           0  0  0  -1  4   1  0  2  0  1  0/0    21:37   2:08   0:57 
Jonas Brodin             0  0  0  -1  0   1  0  1  0  1  0/0    23:35   2:08   2:53 
Jonathon Merrill         0  0  0   1  0   0  2  0  0  0  0/0    13:05   0:00   1:17 
Lee Stempniak            0  0  0   0  0   0  1  0  0  0  0/0     6:23   0:00   0:00 
Luke Schenn              0  0  0   1  0   2  0  0  0  0  0/0    14:00   0:00   2:12 
Michael Grabner          0  0  0   0  0   1  1  0  0  1  0/0    14:33   0:00   2:27 
Nikolay Goldobin         0  0  0   0  0   0  1  0  0  0  1/1     6:23   0:00   0:00 
Shea Weber               0  0  0   0  2   1  1  1  0  0  0/0    24:06   4:31   0:33 
Thomas Vanek             0  0  0   0  0   4  0  0  2  0  0/2    16:25   2:54   0:00 
Tomas Hertl              0  1  1   0  0   1  0  3  1  1  17/25  21:42   3:45   0:32 
Tyler Johnson            1  0  1   0  0   6  2  0  2  0  1/1    16:25   2:54   0:00 
Zack Smith               0  0  0   0  0   0  0  0  0  0  7/13   14:33   0:00   2:27 

3 Stars

1 - Brock Nelson (WAS)
2 - Tomas Tatar (WAS)
3 - Alex Ovechkin (LAK)

Power Play

Capitals - 3 on 3 Attempt(s) - 100,00%
Kings - 2 on 5 Attempt(s) - 40,00%

Penalty Kill

Capitals - 3 on 5 Attempt(s) - 60,00% - Score 0 goal in Penalty Kill
Kings - 0 on 3 Attempt(s) - 0,00% - Score 0 goal in Penalty Kill

Team Stat

Capitals - Hits : 24 - Faceoff Wins : 26 - Blocked Shots : 13 - Penalty Minutes : 10
Kings - Hits : 12 - Faceoff Wins : 39 - Blocked Shots : 10 - Penalty Minutes : 6

Official

Referees : Graham Skiliter and Kyle Rehman
Linesman : David Brisebois and Derek Amell

Game Notes

No Game Note

Finance

Level 1 -- Attendance: 6000 (100,00%) -- Ticket Income 540 000 $
Level 2 -- Attendance: 5000 (100,00%) -- Ticket Income 250 000 $
Level 3 -- Attendance: 1927 (96,35%) -- Ticket Income 57 810 $
Level 4 -- Attendance: 4000 (100,00%) -- Ticket Income 40 000 $
Luxury Box -- Attendance: 1000 (100,00%) -- Ticket Income 160 000 $
Game was played at the Hollywood Garden.
Total Attendance: 17927 (99,59%)
Total Ticket Income: 1 047 810 $
Other Income: 513 427 $
Total Income: 1 561 237 $

Capitals

5 vs 5 Forward 
   Center                   Left Wing                Right Wing               Time % Phy DF OF 
 1 Derek Grant              Brock Nelson             Tomas Tatar              40     1   2  2  
 2 Jake Guentzel            Curtis McKenzie          Josh Bailey              30     1   2  2  
 3 Valtteri Filppula        Darren Helm              Tyler Pitlick            20     1   2  2  
 4 Riley Sheahan            Joel Eriksson Ek         Joakim Nordstrom         10     1   2  2  

5 vs 5 Defense 
   Defense                  Defense                                           Time % Phy DF OF 
 1 Damon Severson           Oliver Ekman-Larsson                              40     1   2  2  
 2 Brady Skjei              Ian Cole                                          30     1   2  2  
 3 Anton Stralman           Ben Chiarot                                       20     1   2  2  
 4 Damon Severson           Oliver Ekman-Larsson                              10     1   2  2  

PowerPlay Forward 
   Center                   Left Wing                Right Wing               Time % Phy DF OF 
 1 Derek Grant              Brock Nelson             Tomas Tatar              60     1   2  2  
 2 Jake Guentzel            Valtteri Filppula        Josh Bailey              40     1   2  2  

PowerPlay Defense
   Defense                  Defense                                           Time % Phy DF OF 
 1 Damon Severson           Oliver Ekman-Larsson                              60     1   2  2  
 2 Brady Skjei              Ian Cole                                          40     1   2  2  

Penalty Kill 4 Players Forward 
   Center                   Wing                     Time % Phy DF OF 
 1 Tomas Tatar              Brock Nelson             60     1   2  2  
 2 Jake Guentzel            Derek Grant              40     1   2  2  

Penalty Kill 4 Players Defense
   Defense                  Defense                  Time % Phy DF OF 
 1 Damon Severson           Oliver Ekman-Larsson     60     1   2  2  
 2 Brady Skjei              Ian Cole                 40     1   2  2  

Penalty Kill - 3 Players Forward 
   Forward                                           Time % Phy DF OF 
 1 Jake Guentzel                                     60     1   2  2  
 2 Brock Nelson                                      40     1   2  2  

Penalty Kill - 3 Players Defense
   Defense                  Defense                  Time % Phy DF OF 
 1 Damon Severson           Ben Chiarot              60     1   2  2  
 2 Brady Skjei              Ian Cole                 40     1   2  2  

4 vs 4 Forward 
   Center                   Wing                     Time % Phy DF OF 
 1 Tomas Tatar              Brock Nelson             60     1   2  2  
 2 Jake Guentzel            Derek Grant              40     1   2  2  

4 vs 4 Defense
   Defense                  Defense                  Time % Phy DF OF 
 1 Damon Severson           Anton Stralman           60     1   2  2  
 2 Brady Skjei              Ian Cole                 40     1   2  2  

Last Minutes Offensive
   Center                   Left Wing                Right Wing               Defense                  Defense                  
   Derek Grant              Brock Nelson             Tomas Tatar              Damon Severson           Oliver Ekman-Larsson     

Last Minutes Defensive
   Center                   Left Wing                Right Wing               Defense                  Defense                  
   Derek Grant              Brock Nelson             Tomas Tatar              Damon Severson           Oliver Ekman-Larsson     

Goaltenders
Starting : Samuel Montembeault      
Backup : Henrik Lundqvist         

Extra Forwards
Normal : Derek Grant, Curtis McKenzie, Valtteri Filppula - PP : Derek Grant, Curtis McKenzie - PK : Valtteri Filppula
Extra Defensemen
Normal : Anton Stralman, Ben Chiarot, Brady Skjei - PP : Anton Stralman - PK : Ben Chiarot, Brady Skjei
Penalty Shots
Curtis McKenzie, Brock Nelson, Jake Guentzel, Josh Bailey, Tomas Tatar
Custom OT Lines Forwards
Curtis McKenzie, Brock Nelson, Jake Guentzel, Derek Grant, Tomas Tatar, Josh Bailey, Valtteri Filppula, Riley Sheahan, Darren Helm, Tyler Pitlick
Custom OT Lines Defensemen
Damon Severson, Oliver Ekman-Larsson, Brady Skjei, Ian Cole, Anton Stralman

Scratches
Elias Pettersson (Healthy), Claude Giroux (Healthy), Zach Bogosian (Bruised Right Foot Injury)

Kings

5 vs 5 Forward 
   Center                   Left Wing                Right Wing               Time % Phy DF OF 
 1 Tomas Hertl              Alex Ovechkin            Artemi Panarin           37     0   1  4  
 2 Artem Anisimov           Tyler Johnson            Thomas Vanek             32     0   2  3  
 3 Zack Smith               Michael Grabner          Artturi Lehkonen         22     1   2  2  
 4 Carter Rowney            Nikolay Goldobin         Lee Stempniak            9      1   2  2  

5 vs 5 Defense 
   Defense                  Defense                                           Time % Phy DF OF 
 1 Shea Weber               Brian Dumoulin                                    40     1   3  1  
 2 Danny DeKeyser           Jonas Brodin                                      36     1   3  1  
 3 Jonathon Merrill         Luke Schenn                                       24     1   3  1  
 4 Brian Dumoulin           Shea Weber                                        0      1   3  1  

PowerPlay Forward 
   Center                   Left Wing                Right Wing               Time % Phy DF OF 
 1 Tomas Hertl              Alex Ovechkin            Artemi Panarin           60     0   1  4  
 2 Artem Anisimov           Tyler Johnson            Thomas Vanek             40     0   1  4  

PowerPlay Defense
   Defense                  Defense                                           Time % Phy DF OF 
 1 Shea Weber               Brian Dumoulin                                    60     1   1  3  
 2 Danny DeKeyser           Jonas Brodin                                      40     1   1  3  

Penalty Kill 4 Players Forward 
   Center                   Wing                     Time % Phy DF OF 
 1 Zack Smith               Michael Grabner          60     1   4  0  
 2 Carter Rowney            Artturi Lehkonen         40     1   4  0  

Penalty Kill 4 Players Defense
   Defense                  Defense                  Time % Phy DF OF 
 1 Danny DeKeyser           Jonas Brodin             60     1   4  0  
 2 Luke Schenn              Jonathon Merrill         40     1   4  0  

Penalty Kill - 3 Players Forward 
   Forward                                           Time % Phy DF OF 
 1 Tomas Hertl                                       60     1   4  0  
 2 Zack Smith                                        40     1   4  0  

Penalty Kill - 3 Players Defense
   Defense                  Defense                  Time % Phy DF OF 
 1 Shea Weber               Brian Dumoulin           60     1   4  0  
 2 Danny DeKeyser           Jonas Brodin             40     1   4  0  

4 vs 4 Forward 
   Center                   Wing                     Time % Phy DF OF 
 1 Tomas Hertl              Alex Ovechkin            60     0   2  3  
 2 Tyler Johnson            Artemi Panarin           40     0   2  3  

4 vs 4 Defense
   Defense                  Defense                  Time % Phy DF OF 
 1 Shea Weber               Brian Dumoulin           60     0   2  3  
 2 Danny DeKeyser           Jonas Brodin             40     0   2  3  

Last Minutes Offensive
   Center                   Left Wing                Right Wing               Defense                  Defense                  
   Tomas Hertl              Alex Ovechkin            Artemi Panarin           Shea Weber               Brian Dumoulin           

Last Minutes Defensive
   Center                   Left Wing                Right Wing               Defense                  Defense                  
   Tomas Hertl              Michael Grabner          Zack Smith               Shea Weber               Danny DeKeyser           

Goaltenders
Starting : Devan Dubnyk             
Backup : Semyon Varlamov          

Extra Forwards
Normal : Artturi Lehkonen, Michael Grabner, Zack Smith - PP : Michael Grabner, Artturi Lehkonen - PK : Zack Smith
Extra Defensemen
Normal : Jonathon Merrill, Luke Schenn, Brian Dumoulin - PP : Jonathon Merrill - PK : Luke Schenn, Shea Weber
Penalty Shots
Alex Ovechkin, Tomas Hertl, Artemi Panarin, Tyler Johnson, Artem Anisimov
Custom OT Lines Forwards
Alex Ovechkin, Tomas Hertl, Artemi Panarin, Tyler Johnson, Artem Anisimov, Thomas Vanek, Michael Grabner, Zack Smith, Artturi Lehkonen, Lee Stempniak
Custom OT Lines Defensemen
Shea Weber, Danny DeKeyser, Brian Dumoulin, Jonas Brodin, Jonathon Merrill

Scratches
Carl Dahlstrom (Healthy)

% Time on Ice - Capitals

Lines # - Real PCT - Wanted PCT - Time Play
Normal Forward
1 - 36% - 40% - 17:11
2 - 31% - 30% - 14:46
3 - 20% - 20% - 9:37
4 - 14% - 10% - 6:43
Normal Defense
1 - 39% - 40% - 18:55
2 - 33% - 30% - 15:56
3 - 22% - 20% - 10:51
4 - 5% - 10% - 2:35
PP Forward
1 - 60% - 60% - 2:22
2 - 40% - 40% - 1:34
PP Defense
1 - 64% - 60% - 2:31
2 - 36% - 40% - 1:25
PK Forward
1 - 74% - 60% - 4:57
2 - 26% - 40% - 1:42
PK Defense
1 - 62% - 60% - 4:06
2 - 38% - 40% - 2:33
PK3 Forward
1 - 0% - 60%
2 - 0% - 40%
PK3 Defense
1 - 0% - 60%
2 - 0% - 40%
44 Forward
1 - 0% - 60%
2 - 0% - 40%
44 Defense
1 - 0% - 60%
2 - 0% - 40%
Last Minute Offensive  - 0:00
Last Minute Defensive  - 1:08
Total
Forward - 60:00
Defense - 60:00

% Time on Ice - Kings

Lines # - Real PCT - Wanted PCT - Time Play
Normal Forward
1 - 34% - 37% - 16:14
2 - 28% - 32% - 13:31
3 - 25% - 22% - 12:06
4 - 13% - 9% - 6:23
Normal Defense
1 - 39% - 40% - 19:03
2 - 36% - 36% - 17:23
3 - 24% - 24% - 11:48
4 - 0% - 0% - 0:00
PP Forward
1 - 56% - 60% - 3:45
2 - 44% - 40% - 2:54
PP Defense
1 - 68% - 60% - 4:31
2 - 32% - 40% - 2:08
PK Forward
1 - 76% - 60% - 2:59
2 - 24% - 40% - 0:57
PK Defense
1 - 87% - 60% - 3:26
2 - 13% - 40% - 0:30
PK3 Forward
1 - 0% - 60%
2 - 0% - 40%
PK3 Defense
1 - 0% - 60%
2 - 0% - 40%
44 Forward
1 - 0% - 60%
2 - 0% - 40%
44 Defense
1 - 0% - 60%
2 - 0% - 40%
Last Minute Offensive  - 1:11
Last Minute Defensive  - 0:00
Total
Forward - 60:00
Defense - 60:00

Play-by-Play

1st period


0:01 of 1st period - Tomas Hertl wins face-off versus Brock Nelson in neutral zone.
0:04 of 1st period - Snap shot by Alex Ovechkin.
0:04 of 1st period - Shot Misses the Net.
1:31 of 1st period - Brian Dumoulin is hit by Riley Sheahan.
1:35 of 1st period - Joakim Nordstrom is hit by Artem Anisimov and loses puck.
3:05 of 1st period - Slapshot by Oliver Ekman-Larsson.
3:05 of 1st period - Stopped by Devan Dubnyk without a rebound.
3:06 of 1st period - Jake Guentzel wins face-off versus Carter Rowney in Kings zone.
3:19 of 1st period - Snap shot by Carter Rowney.
3:19 of 1st period - Shot Blocked by Ian Cole.
3:27 of 1st period - Jonathon Merrill is hit by Ian Cole and loses puck.
3:47 of 1st period - Alex Ovechkin is hit by Derek Grant.
3:56 of 1st period - Icing by Brady Skjei.
3:57 of 1st period - Zack Smith wins face-off versus Tyler Pitlick in Capitals zone.
3:58 of 1st period - Wrist shot by Michael Grabner.
3:58 of 1st period - Deflect By Thomas Vanek.
3:58 of 1st period - Shot Misses the Net.
3:58 of 1st period - Puck is out of play.
3:59 of 1st period - Artem Anisimov wins face-off versus Valtteri Filppula in Capitals zone.
4:24 of 1st period - Brian Dumoulin is hit by Damon Severson and loses puck.
4:47 of 1st period - Snap shot by Jake Guentzel.
4:47 of 1st period - Stopped by Devan Dubnyk without a rebound.
4:48 of 1st period - Jake Guentzel wins face-off versus Tomas Hertl in Kings zone.
4:56 of 1st period - Minor Penalty to Danny DeKeyser for Hooking.
4:57 of 1st period - Zack Smith wins face-off versus Derek Grant in Kings zone.
5:27 of 1st period - Wrist shot by Brock Nelson.
5:27 of 1st period - Goal by Brock Nelson - Capitals : 1 - Kings : 0.
5:28 of 1st period - Derek Grant wins face-off versus Artem Anisimov in neutral zone.
6:50 of 1st period - Minor Penalty to Darren Helm for Elbowing.
6:51 of 1st period - Tomas Hertl wins face-off versus Tomas Tatar in Capitals zone.
7:02 of 1st period - Backhand shot by Artemi Panarin.
7:02 of 1st period - Shot Misses the Net.
7:04 of 1st period - Slapshot by Shea Weber.
7:04 of 1st period - Stopped by Samuel Montembeault with a rebound.
8:33 of 1st period - Brian Dumoulin is hit by Damon Severson and loses puck.
8:50 of 1st period - Penalty to Darren Helm is over, Darren Helm is back on ice.
9:18 of 1st period - Darren Helm is hit by Jonathon Merrill and loses puck.
10:29 of 1st period - Slapshot by Tyler Johnson.
10:29 of 1st period - Shot Blocked by Oliver Ekman-Larsson.
10:31 of 1st period - Snap shot by Nikolay Goldobin.
10:31 of 1st period - Shot Misses the Net.
10:57 of 1st period - Jonathon Merrill is hit by Damon Severson and loses puck.
11:32 of 1st period - Snap shot by Nikolay Goldobin.
11:32 of 1st period - Shot Misses the Net.
11:34 of 1st period - Slapshot by Danny DeKeyser.
11:34 of 1st period - Shot Blocked by Anton Stralman.
11:36 of 1st period - Slapshot by Jonas Brodin.
11:36 of 1st period - Shot Misses the Net.
11:38 of 1st period - Wrist shot by Lee Stempniak.
11:38 of 1st period - Shot Hit the Post.
12:46 of 1st period - Zack Smith is hit by Darren Helm and loses puck.
13:14 of 1st period - Tomas Tatar is hit by Tyler Johnson and loses puck.
14:16 of 1st period - Wrist shot by Josh Bailey.
14:16 of 1st period - Shot Misses the Net.
14:31 of 1st period - Icing by Thomas Vanek.
14:32 of 1st period - Derek Grant wins face-off versus Artem Anisimov in Kings zone.
14:35 of 1st period - Wrist shot by Brock Nelson.
14:35 of 1st period - Stopped by Devan Dubnyk without a rebound.
14:36 of 1st period - Artem Anisimov wins face-off versus Derek Grant in Kings zone.
14:43 of 1st period - Tyler Johnson is hit by Tomas Tatar.
15:56 of 1st period - Snap shot by Darren Helm.
15:56 of 1st period - Stopped by Devan Dubnyk with a rebound.
16:08 of 1st period - Wrist shot by Oliver Ekman-Larsson.
16:08 of 1st period - Stopped by Devan Dubnyk without a rebound.
16:09 of 1st period - Joel Eriksson Ek wins face-off versus Artturi Lehkonen in Kings zone.
16:16 of 1st period - Snap shot by Riley Sheahan.
16:16 of 1st period - Stopped by Devan Dubnyk without a rebound.
16:17 of 1st period - Tomas Hertl wins face-off versus Derek Grant in Kings zone.
17:30 of 1st period - Snap shot by Brock Nelson.
17:30 of 1st period - Stopped by Devan Dubnyk without a rebound.
17:31 of 1st period - Artem Anisimov wins face-off versus Derek Grant in Kings zone.
17:42 of 1st period - Snap shot by Thomas Vanek.
17:42 of 1st period - Shot Misses the Net.
18:03 of 1st period - Artturi Lehkonen is hit by Ben Chiarot and loses puck.
18:13 of 1st period - Icing by Zack Smith.
18:14 of 1st period - Valtteri Filppula wins face-off versus Zack Smith in Kings zone.
18:25 of 1st period - Slapshot by Brock Nelson.
18:25 of 1st period - Shot Blocked by Shea Weber.
18:35 of 1st period - Snap shot by Artturi Lehkonen.
18:35 of 1st period - Shot Misses the Net.
18:37 of 1st period - Snap shot by Artturi Lehkonen.
18:37 of 1st period - Stopped by Samuel Montembeault without a rebound.
18:38 of 1st period - Tyler Johnson wins face-off versus Jake Guentzel in Capitals zone.
18:39 of 1st period - Snap shot by Thomas Vanek.
18:39 of 1st period - Shot Blocked by Curtis McKenzie.
18:53 of 1st period - Snap shot by Jake Guentzel.
18:53 of 1st period - Stopped by Devan Dubnyk with a rebound.
18:55 of 1st period - Wrist shot by Curtis McKenzie.
18:55 of 1st period - Shot Blocked by Danny DeKeyser.
18:57 of 1st period - Snap shot by Josh Bailey.
18:57 of 1st period - Shot Blocked by Danny DeKeyser.
18:59 of 1st period - Wrist shot by Jake Guentzel.
18:59 of 1st period - Stopped by Devan Dubnyk without a rebound.
19:00 of 1st period - Derek Grant wins face-off versus Tomas Hertl in Kings zone.
19:03 of 1st period - Snap shot by Brock Nelson.
19:03 of 1st period - Shot Misses the Net.
19:33 of 1st period - Wrist shot by Tyler Johnson.
19:33 of 1st period - Stopped by Samuel Montembeault without a rebound.
19:34 of 1st period - Artem Anisimov wins face-off versus Derek Grant in Capitals zone.
19:41 of 1st period - Snap shot by Thomas Vanek.
19:41 of 1st period - Stopped by Samuel Montembeault with a rebound.
19:43 of 1st period - Wrist shot by Tyler Johnson.
19:43 of 1st period - Shot Blocked by Tomas Tatar.
19:45 of 1st period - Slapshot by Jonas Brodin.
19:45 of 1st period - Deflect By Thomas Vanek.
19:45 of 1st period - Shot Misses the Net.
19:45 of 1st period - Puck is out of play.
19:46 of 1st period - Tomas Tatar wins face-off versus Tomas Hertl in Capitals zone.
19:57 of 1st period - Slapshot by Damon Severson.
19:57 of 1st period - Shot Misses the Net.
Goals for this period are 1 for Capitals vs 0 for Kings.
Shots for this period are 10 for Capitals vs 4 for Kings.

2nd period


0:01 of 2nd period - Tomas Hertl wins face-off versus Derek Grant in neutral zone.
0:37 of 2nd period - Wrist shot by Thomas Vanek.
0:37 of 2nd period - Shot Blocked by Jake Guentzel.
0:39 of 2nd period - Snap shot by Tyler Johnson.
0:39 of 2nd period - Shot Misses the Net.
0:50 of 2nd period - Off-side.
0:51 of 2nd period - Tyler Pitlick wins face-off versus Zack Smith in neutral zone.
1:03 of 2nd period - Icing by Brady Skjei.
1:04 of 2nd period - Tomas Hertl wins face-off versus Valtteri Filppula in Capitals zone.
1:21 of 2nd period - Wrist shot by Valtteri Filppula.
1:21 of 2nd period - Stopped by Devan Dubnyk with a rebound.
1:23 of 2nd period - Wrist shot by Darren Helm.
1:23 of 2nd period - Stopped by Devan Dubnyk with a rebound.
1:25 of 2nd period - Slapshot by Brady Skjei.
1:25 of 2nd period - Deflect By Tyler Pitlick.
1:25 of 2nd period - Stopped by Devan Dubnyk with a rebound.
1:27 of 2nd period - Snap shot by Brady Skjei.
1:27 of 2nd period - Stopped by Devan Dubnyk without a rebound.
1:28 of 2nd period - Artem Anisimov wins face-off versus Derek Grant in Kings zone.
1:33 of 2nd period - Snap shot by Tomas Tatar.
1:33 of 2nd period - Stopped by Devan Dubnyk with a rebound.
1:53 of 2nd period - Curtis McKenzie is hit by Artturi Lehkonen and loses puck.
2:00 of 2nd period - Wrist shot by Michael Grabner.
2:00 of 2nd period - Shot Misses the Net.
2:02 of 2nd period - Slapshot by Jonas Brodin.
2:02 of 2nd period - Stopped by Samuel Montembeault with a rebound.
2:11 of 2nd period - Off-side.
2:12 of 2nd period - Tomas Hertl wins face-off versus Valtteri Filppula in neutral zone.
2:37 of 2nd period - Brock Nelson is hit by Tyler Johnson.
2:47 of 2nd period - Snap shot by Thomas Vanek.
2:47 of 2nd period - Deflect By Artem Anisimov.
2:47 of 2nd period - Stopped by Samuel Montembeault with a rebound.
3:07 of 2nd period - Slapshot by Josh Bailey.
3:07 of 2nd period - Stopped by Devan Dubnyk with a rebound.
3:09 of 2nd period - Slapshot by Ben Chiarot.
3:09 of 2nd period - Shot Misses the Net.
3:11 of 2nd period - Wrist shot by Josh Bailey.
3:11 of 2nd period - Stopped by Devan Dubnyk without a rebound.
3:12 of 2nd period - Riley Sheahan wins face-off versus Tomas Hertl in Kings zone.
3:56 of 2nd period - Slapshot by Joel Eriksson Ek.
3:56 of 2nd period - Deflect By Joakim Nordstrom.
3:56 of 2nd period - Shot Misses the Net.
3:56 of 2nd period - Puck is out of play.
3:57 of 2nd period - Artem Anisimov wins face-off versus Derek Grant in Kings zone.
3:57 of 2nd period - Artem Anisimov is hit by Oliver Ekman-Larsson.
4:23 of 2nd period - Snap shot by Jake Guentzel.
4:23 of 2nd period - Shot Blocked by Tomas Hertl.
4:31 of 2nd period - Wrist shot by Artemi Panarin.
4:31 of 2nd period - Shot Misses the Net.
4:33 of 2nd period - Slapshot by Jonas Brodin.
4:33 of 2nd period - Shot Blocked by Ian Cole.
4:35 of 2nd period - Snap shot by Artemi Panarin.
4:35 of 2nd period - Stopped by Samuel Montembeault with a rebound.
4:52 of 2nd period - Snap shot by Valtteri Filppula.
4:52 of 2nd period - Stopped by Devan Dubnyk without a rebound.
4:53 of 2nd period - Derek Grant wins face-off versus Artem Anisimov in Kings zone.
5:48 of 2nd period - Snap shot by Artturi Lehkonen.
5:48 of 2nd period - Stopped by Samuel Montembeault with a rebound.
5:57 of 2nd period - Off-side.
5:58 of 2nd period - Nikolay Goldobin wins face-off versus Derek Grant in neutral zone.
6:03 of 2nd period - Wrist shot by Carter Rowney.
6:03 of 2nd period - Stopped by Samuel Montembeault with a rebound.
6:05 of 2nd period - Snap shot by Carter Rowney.
6:05 of 2nd period - Shot Blocked by Tomas Tatar.
6:07 of 2nd period - Slapshot by Luke Schenn.
6:07 of 2nd period - Stopped by Samuel Montembeault with a rebound.
6:09 of 2nd period - Slapshot by Carter Rowney.
6:09 of 2nd period - Shot Misses the Net.
6:11 of 2nd period - Slapshot by Luke Schenn.
6:11 of 2nd period - Shot Misses the Net.
6:23 of 2nd period - Alex Ovechkin is hit by Curtis McKenzie and loses puck.
6:46 of 2nd period - Wrist shot by Thomas Vanek.
6:46 of 2nd period - Stopped by Samuel Montembeault with a rebound.
6:52 of 2nd period - Thomas Vanek is hit by Darren Helm and loses puck.
7:07 of 2nd period - Slapshot by Oliver Ekman-Larsson.
7:07 of 2nd period - Stopped by Devan Dubnyk with a rebound.
7:30 of 2nd period - Nikolay Goldobin is hit by Tomas Tatar and loses puck.
7:47 of 2nd period - Snap shot by Carter Rowney.
7:47 of 2nd period - Stopped by Samuel Montembeault without a rebound.
7:48 of 2nd period - Artem Anisimov wins face-off versus Jake Guentzel in Capitals zone.
7:51 of 2nd period - Wrist shot by Thomas Vanek.
7:51 of 2nd period - Shot Misses the Net.
7:53 of 2nd period - Wrist shot by Thomas Vanek.
7:53 of 2nd period - Shot Misses the Net.
7:55 of 2nd period - Wrist shot by Thomas Vanek.
7:55 of 2nd period - Stopped by Samuel Montembeault with a rebound.
7:57 of 2nd period - Snap shot by Thomas Vanek.
7:57 of 2nd period - Stopped by Samuel Montembeault with a rebound.
8:09 of 2nd period - Minor Penalty to Curtis McKenzie for Tripping.
8:10 of 2nd period - Tomas Hertl wins face-off versus Tomas Tatar in Capitals zone.
8:15 of 2nd period - Wrist shot by Alex Ovechkin.
8:15 of 2nd period - Goal by Alex Ovechkin - Capitals : 1 - Kings : 1.
8:16 of 2nd period - Tomas Hertl wins face-off versus Derek Grant in neutral zone.
8:28 of 2nd period - Off-side.
8:29 of 2nd period - Derek Grant wins face-off versus Tomas Hertl in neutral zone.
8:41 of 2nd period - Wrist shot by Alex Ovechkin.
8:41 of 2nd period - Stopped by Samuel Montembeault with a rebound.
8:43 of 2nd period - Slapshot by Shea Weber.
8:43 of 2nd period - Shot Blocked by Damon Severson.
8:45 of 2nd period - Slapshot by Alex Ovechkin.
8:45 of 2nd period - Stopped by Samuel Montembeault with a rebound.
8:57 of 2nd period - Tyler Johnson is hit by Jake Guentzel and loses puck.
9:04 of 2nd period - Wrist shot by Tyler Johnson.
9:04 of 2nd period - Stopped by Samuel Montembeault with a rebound.
10:00 of 2nd period - Snap shot by Joel Eriksson Ek.
10:00 of 2nd period - Stopped by Devan Dubnyk with a rebound.
10:02 of 2nd period - Snap shot by Joel Eriksson Ek.
10:02 of 2nd period - Shot Misses the Net.
10:04 of 2nd period - Wrist shot by Riley Sheahan.
10:04 of 2nd period - Shot Blocked by Tomas Hertl.
10:14 of 2nd period - Wrist shot by Josh Bailey.
10:14 of 2nd period - Goal by Josh Bailey - Capitals : 2 - Kings : 1.
10:15 of 2nd period - Derek Grant wins face-off versus Thomas Vanek in neutral zone.
11:08 of 2nd period - Zack Smith is hit by Tyler Pitlick and loses puck.
11:39 of 2nd period - Tyler Johnson is hit by Joakim Nordstrom and loses puck.
12:07 of 2nd period - Slapshot by Oliver Ekman-Larsson.
12:07 of 2nd period - Shot Blocked by Jonas Brodin.
13:39 of 2nd period - Jonas Brodin is hit by Derek Grant and loses puck.
13:58 of 2nd period - Wrist shot by Lee Stempniak.
13:58 of 2nd period - Deflect By Carter Rowney.
13:58 of 2nd period - Stopped by Samuel Montembeault without a rebound.
13:59 of 2nd period - Derek Grant wins face-off versus Artem Anisimov in Capitals zone.
14:26 of 2nd period - Anton Stralman is hit by Shea Weber and loses puck.
14:31 of 2nd period - Snap shot by Alex Ovechkin.
14:31 of 2nd period - Goal by Alex Ovechkin - Capitals : 2 - Kings : 2.
14:32 of 2nd period - Tomas Hertl wins face-off versus Brock Nelson in neutral zone.
14:59 of 2nd period - Damon Severson is hit by Brian Dumoulin.
15:07 of 2nd period - Snap shot by Tyler Johnson.
15:07 of 2nd period - Stopped by Samuel Montembeault with a rebound.
15:09 of 2nd period - Slapshot by Luke Schenn.
15:09 of 2nd period - Stopped by Samuel Montembeault without a rebound.
15:10 of 2nd period - Artem Anisimov wins face-off versus Derek Grant in Capitals zone.
16:05 of 2nd period - Wrist shot by Artturi Lehkonen.
16:05 of 2nd period - Shot Blocked by Oliver Ekman-Larsson.
16:19 of 2nd period - Wrist shot by Tyler Pitlick.
16:19 of 2nd period - Shot Misses the Net.
16:25 of 2nd period - Snap shot by Carter Rowney.
16:25 of 2nd period - Shot Misses the Net.
16:27 of 2nd period - Slapshot by Brian Dumoulin.
16:27 of 2nd period - Deflect By Carter Rowney.
16:27 of 2nd period - Stopped by Samuel Montembeault without a rebound.
16:28 of 2nd period - Artem Anisimov wins face-off versus Derek Grant in Capitals zone.
16:33 of 2nd period - Wrist shot by Thomas Vanek.
16:33 of 2nd period - Shot Blocked by Tomas Tatar.
17:11 of 2nd period - Minor Penalty to Curtis McKenzie for Holding.
17:12 of 2nd period - Tomas Hertl wins face-off versus Tomas Tatar in Capitals zone.
17:27 of 2nd period - Snap shot by Artemi Panarin.
17:27 of 2nd period - Shot Misses the Net.
18:29 of 2nd period - Snap shot by Jake Guentzel.
18:29 of 2nd period - Shot Misses the Net.
19:11 of 2nd period - Penalty to Curtis McKenzie is over, Curtis McKenzie is back on ice.
19:26 of 2nd period - Wrist shot by Curtis McKenzie.
19:26 of 2nd period - Shot Blocked by Brian Dumoulin.
19:28 of 2nd period - Snap shot by Ian Cole.
19:28 of 2nd period - Shot Misses the Net.
19:30 of 2nd period - Snap shot by Joel Eriksson Ek.
19:30 of 2nd period - Stopped by Devan Dubnyk without a rebound.
19:31 of 2nd period - Jake Guentzel wins face-off versus Zack Smith in Kings zone.
19:38 of 2nd period - Slapshot by Josh Bailey.
19:38 of 2nd period - Shot Misses the Net.
19:40 of 2nd period - Snap shot by Jake Guentzel.
19:40 of 2nd period - Stopped by Devan Dubnyk with a rebound.
19:42 of 2nd period - Snap shot by Jake Guentzel.
19:42 of 2nd period - Stopped by Devan Dubnyk without a rebound.
19:43 of 2nd period - Derek Grant wins face-off versus Thomas Vanek in Kings zone.
19:57 of 2nd period - Minor Penalty to Danny DeKeyser for Cross-checking.
19:58 of 2nd period - Zack Smith wins face-off versus Derek Grant in Kings zone.
Goals for this period are 1 for Capitals vs 2 for Kings.
Shots for this period are 14 for Capitals vs 19 for Kings.

3rd period


0:01 of 3rd period - Brock Nelson wins face-off versus Zack Smith in neutral zone.
0:14 of 3rd period - Slapshot by Damon Severson.
0:14 of 3rd period - Shot Misses the Net.
1:25 of 3rd period - Brock Nelson is hit by Michael Grabner and loses puck.
1:55 of 3rd period - Snap shot by Brock Nelson.
1:55 of 3rd period - Goal by Brock Nelson - Capitals : 3 - Kings : 2.
1:56 of 3rd period - Riley Sheahan wins face-off versus Artemi Panarin in neutral zone.
2:26 of 3rd period - Brian Dumoulin is hit by Brock Nelson and loses puck.
2:51 of 3rd period - Snap shot by Jake Guentzel.
2:51 of 3rd period - Shot Blocked by Artturi Lehkonen.
3:12 of 3rd period - Snap shot by Lee Stempniak.
3:12 of 3rd period - Shot Misses the Net.
4:11 of 3rd period - Zack Smith is hit by Ian Cole and loses puck.
4:32 of 3rd period - Snap shot by Nikolay Goldobin.
4:32 of 3rd period - Shot Misses the Net.
4:34 of 3rd period - Slapshot by Brian Dumoulin.
4:34 of 3rd period - Shot Misses the Net.
4:36 of 3rd period - Slapshot by Nikolay Goldobin.
4:36 of 3rd period - Shot Misses the Net.
4:52 of 3rd period - Snap shot by Damon Severson.
4:52 of 3rd period - Deflect By Joel Eriksson Ek.
4:52 of 3rd period - Stopped by Devan Dubnyk with a rebound.
4:54 of 3rd period - Wrist shot by Damon Severson.
4:54 of 3rd period - Stopped by Devan Dubnyk without a rebound.
4:55 of 3rd period - Tomas Hertl wins face-off versus Riley Sheahan in Kings zone.
5:09 of 3rd period - Wrist shot by Riley Sheahan.
5:09 of 3rd period - Shot Misses the Net.
5:17 of 3rd period - Snap shot by Joel Eriksson Ek.
5:17 of 3rd period - Shot Misses the Net.
5:19 of 3rd period - Wrist shot by Joel Eriksson Ek.
5:19 of 3rd period - Stopped by Devan Dubnyk without a rebound.
5:20 of 3rd period - Artem Anisimov wins face-off versus Derek Grant in Kings zone.
5:31 of 3rd period - Snap shot by Tyler Johnson.
5:31 of 3rd period - Stopped by Samuel Montembeault with a rebound.
5:33 of 3rd period - Slapshot by Luke Schenn.
5:33 of 3rd period - Shot Misses the Net.
5:45 of 3rd period - Josh Bailey is hit by Jonathon Merrill and loses puck.
5:52 of 3rd period - Snap shot by Damon Severson.
5:52 of 3rd period - Deflect By Josh Bailey.
5:52 of 3rd period - Stopped by Devan Dubnyk with a rebound.
5:54 of 3rd period - Slapshot by Curtis McKenzie.
5:54 of 3rd period - Stopped by Devan Dubnyk without a rebound.
5:55 of 3rd period - Derek Grant wins face-off versus Tomas Hertl in Kings zone.
7:01 of 3rd period - Oliver Ekman-Larsson is hit by Lee Stempniak and loses puck.
7:10 of 3rd period - Snap shot by Riley Sheahan.
7:10 of 3rd period - Shot Misses the Net.
7:45 of 3rd period - Slapshot by Artemi Panarin.
7:45 of 3rd period - Shot Hit the Post.
7:57 of 3rd period - Minor Penalty to Brady Skjei for Holding.
7:58 of 3rd period - Tomas Hertl wins face-off versus Tomas Tatar in Capitals zone.
8:07 of 3rd period - Slapshot by Tomas Hertl.
8:07 of 3rd period - Shot Misses the Net.
8:33 of 3rd period - Wrist shot by Tyler Johnson.
8:33 of 3rd period - Goal by Tyler Johnson - Capitals : 3 - Kings : 3.
8:34 of 3rd period - Tomas Hertl wins face-off versus Derek Grant in neutral zone.
8:43 of 3rd period - Snap shot by Tomas Hertl.
8:43 of 3rd period - Deflect By Artemi Panarin.
8:43 of 3rd period - Stopped by Samuel Montembeault with a rebound.
8:45 of 3rd period - Snap shot by Tomas Hertl.
8:45 of 3rd period - Stopped by Samuel Montembeault without a rebound.
8:46 of 3rd period - Artem Anisimov wins face-off versus Derek Grant in Capitals zone.
8:53 of 3rd period - Snap shot by Tyler Johnson.
8:53 of 3rd period - Stopped by Samuel Montembeault without a rebound.
8:54 of 3rd period - Artem Anisimov wins face-off versus Derek Grant in Capitals zone.
8:59 of 3rd period - Slapshot by Artem Anisimov.
8:59 of 3rd period - Stopped by Samuel Montembeault with a rebound.
9:01 of 3rd period - Slapshot by Brian Dumoulin.
9:01 of 3rd period - Stopped by Samuel Montembeault with a rebound.
9:19 of 3rd period - Minor Penalty to Shea Weber for Tripping.
9:20 of 3rd period - Zack Smith wins face-off versus Derek Grant in Kings zone.
9:35 of 3rd period - Zack Smith is hit by Tomas Tatar and loses puck.
10:26 of 3rd period - Wrist shot by Alex Ovechkin.
10:26 of 3rd period - Shot Misses the Net.
10:28 of 3rd period - Snap shot by Luke Schenn.
10:28 of 3rd period - Deflect By Alex Ovechkin.
10:28 of 3rd period - Stopped by Samuel Montembeault without a rebound.
10:29 of 3rd period - Zack Smith wins face-off versus Jake Guentzel in Capitals zone.
10:40 of 3rd period - Slapshot by Oliver Ekman-Larsson.
10:40 of 3rd period - Stopped by Devan Dubnyk without a rebound.
10:41 of 3rd period - Derek Grant wins face-off versus Zack Smith in Kings zone.
10:46 of 3rd period - Slapshot by Tomas Tatar.
10:46 of 3rd period - Goal by Tomas Tatar - Capitals : 4 - Kings : 3.
10:47 of 3rd period - Tomas Hertl wins face-off versus Derek Grant in neutral zone.
10:54 of 3rd period - Backhand shot by Artemi Panarin.
10:54 of 3rd period - Shot Misses the Net.
10:56 of 3rd period - Slapshot by Jonas Brodin.
10:56 of 3rd period - Shot Blocked by Damon Severson.
10:58 of 3rd period - Wrist shot by Danny DeKeyser.
10:58 of 3rd period - Stopped by Samuel Montembeault without a rebound.
10:59 of 3rd period - Derek Grant wins face-off versus Alex Ovechkin in Capitals zone.
11:50 of 3rd period - Wrist shot by Oliver Ekman-Larsson.
11:50 of 3rd period - Deflect By Michael Grabner.
11:50 of 3rd period - Stopped by Devan Dubnyk without a rebound.
11:51 of 3rd period - Zack Smith wins face-off versus Jake Guentzel in Kings zone.
11:56 of 3rd period - Artturi Lehkonen is hit by Ian Cole and loses puck.
12:06 of 3rd period - Snap shot by Jake Guentzel.
12:06 of 3rd period - Stopped by Devan Dubnyk with a rebound.
12:37 of 3rd period - Zack Smith is hit by Jake Guentzel and loses puck.
13:00 of 3rd period - Off-side.
13:01 of 3rd period - Derek Grant wins face-off versus Tomas Hertl in neutral zone.
13:06 of 3rd period - Slapshot by Oliver Ekman-Larsson.
13:06 of 3rd period - Stopped by Devan Dubnyk without a rebound.
13:07 of 3rd period - Brock Nelson wins face-off versus Tomas Hertl in Kings zone.
13:08 of 3rd period - Slapshot by Tomas Tatar.
13:08 of 3rd period - Shot Misses the Net.
13:10 of 3rd period - Snap shot by Tomas Tatar.
13:10 of 3rd period - Shot Blocked by Alex Ovechkin.
13:14 of 3rd period - Slapshot by Brock Nelson.
13:14 of 3rd period - Stopped by Devan Dubnyk with a rebound.
13:16 of 3rd period - Snap shot by Brock Nelson.
13:16 of 3rd period - Stopped by Devan Dubnyk without a rebound.
13:17 of 3rd period - Tomas Hertl wins face-off versus Derek Grant in Kings zone.
13:40 of 3rd period - Icing by Tomas Tatar.
13:41 of 3rd period - Valtteri Filppula wins face-off versus Artem Anisimov in Capitals zone.
13:46 of 3rd period - Artem Anisimov is hit by Damon Severson and loses puck.
14:11 of 3rd period - Snap shot by Alex Ovechkin.
14:11 of 3rd period - Deflect By Tomas Hertl.
14:11 of 3rd period - Shot Blocked by Brady Skjei.
14:11 of 3rd period - Puck is out of play.
14:12 of 3rd period - Tomas Hertl wins face-off versus Derek Grant in Capitals zone.
14:34 of 3rd period - Icing by Shea Weber.
14:35 of 3rd period - Artem Anisimov wins face-off versus Jake Guentzel in Kings zone.
15:02 of 3rd period - Alex Ovechkin is hit by Tomas Tatar and loses puck.
15:07 of 3rd period - Wrist shot by Tomas Tatar.
15:07 of 3rd period - Deflect By Derek Grant.
15:07 of 3rd period - Stopped by Devan Dubnyk without a rebound.
15:08 of 3rd period - Valtteri Filppula wins face-off versus Zack Smith in Kings zone.
15:14 of 3rd period - Slapshot by Ian Cole.
15:14 of 3rd period - Stopped by Devan Dubnyk with a rebound.
15:16 of 3rd period - Slapshot by Brady Skjei.
15:16 of 3rd period - Shot Misses the Net.
15:18 of 3rd period - Slapshot by Ian Cole.
15:18 of 3rd period - Stopped by Devan Dubnyk with a rebound.
15:34 of 3rd period - Brock Nelson is hit by Alex Ovechkin and loses puck.
15:46 of 3rd period - Minor Penalty to Derek Grant for Holding Stick.
15:47 of 3rd period - Tomas Hertl wins face-off versus Brock Nelson in Capitals zone.
16:15 of 3rd period - Icing by Thomas Vanek.
16:16 of 3rd period - Brock Nelson wins face-off versus Artem Anisimov in Kings zone.
17:14 of 3rd period - Slapshot by Damon Severson.
17:14 of 3rd period - Shot Blocked by Tomas Hertl.
17:46 of 3rd period - Penalty to Derek Grant is over, Derek Grant is back on ice.
17:50 of 3rd period - Off-side.
17:51 of 3rd period - Zack Smith wins face-off versus Jake Guentzel in neutral zone.
17:58 of 3rd period - Wrist shot by Michael Grabner.
17:58 of 3rd period - Stopped by Samuel Montembeault with a rebound.
18:35 of 3rd period - Derek Grant is hit by Nikolay Goldobin.
19:01 of 3rd period - Kings, Devan Dubnyk is pulled from the net.
19:25 of 3rd period - Snap shot by Alex Ovechkin.
19:25 of 3rd period - Stopped by Samuel Montembeault with a rebound.
19:27 of 3rd period - Backhand shot by Tomas Hertl.
19:27 of 3rd period - Shot Misses the Net.
Goals for this period are 2 for Capitals vs 1 for Kings.
Shots for this period are 16 for Capitals vs 11 for Kings.